Bruins vs MapleLeafs

Created - September-26-14 at 17:06

Simulating a Pre-Season

Goals
1 2 3 T
Bruins 2 0 0 2
MapleLeafs 0 2 2 4
Shots
1 2 3 T
Bruins 9 14 19 42
MapleLeafs 3 13 9 25

1st period

1. Bruins , Zdeno Chara 1 (Jakub Voracek, David Krejci) at 9:21 (PP)
2. Bruins , Patrice Bergeron 2 (Dougie Hamilton, Brad Marchand) at 14:08

Penalties :
Alexander Urbom (TOR) for High sticking (Minor) at 4:07, Drew Doughty (TOR) for Roughing (Minor) at 8:06, Braydon Coburn (BOS) for Cross-checking (Minor) at 10:50, Drew Doughty (TOR) for Interference (Minor) at 16:43, Derek Dorsett (TOR) for High sticking (Minor) at 19:54

2nd period

3. MapleLeafs , Drew Doughty 2 (Nick Leddy) at 11:48
4. MapleLeafs , Patrick Marleau 1 (Evgeni Malkin) at 12:38

Penalties :
Dennis Seidenberg (BOS) for High sticking (Minor) at 8:06, Milan Lucic (BOS) for Tripping (Minor) at 12:59, Drew Doughty (TOR) for Holding (Minor) at 16:33

3rd period

5. MapleLeafs , Scott Mayfield 1 (Aaron Ness) at 18:28
6. MapleLeafs , Patrick Marleau 2 (Evgeni Malkin, Nick Leddy) at 19:36 (Empty Net)

Penalties :
Drew Doughty (TOR) for High sticking (Minor) at 0:36, Zdeno Chara (BOS) for Holding (Minor) at 6:25

Goalie Stats

Niklas Svedberg (BOS), 21 saves from 24 shots - (0.875), L, 1-2-0, 59:26 minutes
Ryan Miller (TOR), 40 saves from 42 shots - (0.952), W, 2-2-0, 60:00 minutes

Players Stats for Bruins

Player Name              G  A  P  +/- PIM S  H  SB GA TA FO     MP     PP MP  PK MP  
------------------------------------------------------------------------------------
Andrew Ladd              0  0  0  -2  0   0  0  0  0  0  0/0     8:18   0:00   0:00 
Brad Marchand            0  1  1   0  0   1  5  0  0  0  0/2    20:19   5:52   0:00 
Braydon Coburn           0  0  0  -2  2   2  1  3  0  0  0/0    17:59   5:36   2:58 
Carl Hagelin             0  0  0   0  0   0  0  0  0  0  0/1     6:18   0:00   0:09 
Carl Soderberg           0  0  0  -2  0   1  0  0  0  0  3/11   14:40   5:52   0:30 
Chris Kelly              0  0  0   0  0   2  2  0  0  0  2/2     7:49   0:00   1:40 
David Krejci             0  1  1  -1  0   4  0  0  0  0  21/36  21:50   5:18   4:32 
Dennis Seidenberg        0  0  0   0  2   3  1  0  0  0  0/0    20:51   5:36   2:44 
Dougie Hamilton          0  1  1   0  0   0  1  1  0  0  0/0    18:01   0:00   0:22 
Jakub Voracek            0  1  1  -1  0   6  0  0  0  0  1/1    19:28   5:18   2:10 
Johnny Boychuk           0  0  0  -1  0   2  4  1  0  0  0/0    23:06   5:34   3:43 
Loui Eriksson            0  0  0  -2  0   1  0  0  0  0  2/2     8:18   0:00   0:00 
Milan Lucic              0  0  0  -1  2   5  3  0  0  0  0/1    18:55   5:18   1:38 
Patrice Bergeron         1  0  1   0  0   5  0  0  0  0  17/30  25:32   5:52   5:13 
Reilly Smith             0  0  0   0  0   1  1  0  0  0  0/4    14:27   0:00   0:00 
Ryan Spooner             0  0  0   0  0   1  0  0  0  0  1/3     6:09   0:00   0:00 
Torey Krug               0  0  0  -2  0   0  0  3  0  0  0/0    13:39   0:00   3:10 
Zdeno Chara              1  0  1  -1  2   8  5  1  0  0  0/0    26:21   5:34   2:55 

Players Stats for MapleLeafs

Player Name              G  A  P  +/- PIM S  H  SB GA TA FO     MP     PP MP  PK MP  
------------------------------------------------------------------------------------
Aaron Ness               0  1  1   0  0   0  0  2  0  0  0/0    16:54   0:09   4:21 
Alexander Urbom          0  0  0   1  2   0  4  0  0  0  0/0    16:49   0:00   4:59 
Brian Lashoff            0  0  0   1  0   0  0  0  0  0  0/0    15:46   4:46   0:15 
Chuck Kobasew            0  0  0   0  0   1  0  2  0  0  0/0     5:58   0:00   0:56 
Derek Dorsett            0  0  0   1  2   0  3  0  0  0  1/1    11:51   0:00   0:00 
Drew Doughty             1  0  1   2  8   4  9  1  0  0  0/0    24:14   3:56   2:37 
Evgeni Malkin            0  2  2   2  0   2  2  0  0  0  25/48  24:50   4:27   6:32 
Jay Beagle               0  0  0   0  0   0  1  0  0  0  0/0     5:02   0:00   0:00 
Kris Versteeg            0  0  0   0  0   0  0  2  0  0  0/0    10:09   0:00   0:00 
Martin Hanzal            0  0  0   1  0   2  1  0  0  0  11/25  19:03   3:29   3:42 
Nick Leddy               0  2  2   2  0   0  0  2  0  0  0/0    26:41   3:10   5:46 
Patrick Marleau          2  0  2   2  0   5  0  0  0  0  0/0    24:50   4:27   6:32 
Riley Nash               0  0  0   0  0   3  1  0  0  0  4/5     5:58   0:00   0:56 
Ryan Callahan            0  0  0   2  0   4  6  0  0  0  1/2    22:00   4:27   3:42 
Ryan Carter              0  0  0   0  0   1  1  0  0  0  0/0    10:09   0:00   0:00 
Scott Mayfield           1  0  1   0  0   3  4  1  0  0  0/0    19:31   3:51   4:22 
Vincent Lecavalier       0  0  0   0  0   0  2  0  0  0  4/10   13:38   3:29   0:00 
Vladimir Tarasenko       0  0  0   1  0   0  0  0  0  0  0/2    15:21   3:29   0:00 

3 Stars

1 - Patrick Marleau (TOR)
2 - Evgeni Malkin (TOR)
3 - Nick Leddy (TOR)

Power Play

Bruins - 1 on 6 Attempt(s) - 16.67%
MapleLeafs - 0 on 4 Attempt(s) - 0.00%

Penalty Kill

Bruins - 4 on 4 Attempt(s) - 100.00% - Score 0 goal in Penalty Kill
MapleLeafs - 5 on 6 Attempt(s) - 83.33% - Score 0 goal in Penalty Kill

Official

Referees : Francis Charron and Ghislain Hebert
Linesman : Scott Driscoll and Derek Nansen

Game Notes

Patrick Marleau has scored in a empty net!

% Time on Ice - Bruins

Lines # - Real PCT - Wanted PCT - Time Play
Normal Forward
1 - 36% - 40% - 14:27
2 - 29% - 30% - 11:46
3 - 20% - 20% - 8:18
4 - 15% - 10% - 6:09
Normal Defense
1 - 42% - 40% - 16:58
2 - 31% - 30% - 12:32
3 - 26% - 20% - 10:29
4 - 2% - 10% - 0:41
PP Forward
1 - 47% - 60% - 5:18
2 - 53% - 40% - 5:52
PP Defense
1 - 50% - 60% - 5:34
2 - 50% - 40% - 5:36
PK Forward
1 - 73% - 60% - 5:46
2 - 27% - 40% - 2:10
PK Defense
1 - 50% - 60% - 3:59
2 - 50% - 40% - 3:57
PK3 Forward
1 - 0% - 60%
2 - 0% - 40%
PK3 Defense
1 - 0% - 60%
2 - 0% - 40%
44 Forward
1 - 0% - 60%
2 - 0% - 40%
44 Defense
1 - 0% - 60%
2 - 0% - 40%
Last Minute Offensive  - 0:14
Last Minute Defensive  - 0:00
Total
Forward - 60:00
Defense - 60:00

% Time on Ice - MapleLeafs

Lines # - Real PCT - Wanted PCT - Time Play
Normal Forward
1 - 33% - 35% - 13:37
2 - 29% - 30% - 11:52
3 - 25% - 22% - 10:09
4 - 12% - 13% - 5:02
Normal Defense
1 - 41% - 40% - 16:32
2 - 30% - 30% - 12:24
3 - 26% - 20% - 10:45
4 - 2% - 10% - 0:59
PP Forward
1 - 56% - 60% - 4:27
2 - 44% - 40% - 3:29
PP Defense
1 - 51% - 60% - 4:05
2 - 49% - 40% - 3:51
PK Forward
1 - 67% - 60% - 7:28
2 - 33% - 40% - 3:42
PK Defense
1 - 61% - 60% - 6:48
2 - 39% - 40% - 4:22
PK3 Forward
1 - 0% - 60%
2 - 0% - 40%
PK3 Defense
1 - 0% - 60%
2 - 0% - 40%
44 Forward
1 - 0% - 60%
2 - 0% - 40%
44 Defense
1 - 0% - 60%
2 - 0% - 40%
Last Minute Offensive  - 0:00
Last Minute Defensive  - 0:14
Total
Forward - 60:00
Defense - 60:00

Play by Play

1st period


0:01 of 1st period - Ryan Callahan wins face-off versus Reilly Smith in neutral zone.
0:07 of 1st period - Icing by Dougie Hamilton.
0:08 of 1st period - Patrice Bergeron wins face-off versus Martin Hanzal in Bruins zone.
0:08 of 1st period - Patrice Bergeron is hit by Derek Dorsett.
0:51 of 1st period - Shot by Brad Marchand.
0:51 of 1st period - Deflect By Patrice Bergeron.
0:51 of 1st period - Stopped by Ryan Miller without a rebound.
0:52 of 1st period - David Krejci wins face-off versus Vincent Lecavalier in MapleLeafs zone.
0:52 of 1st period - David Krejci is hit by Drew Doughty.
0:57 of 1st period - Jakub Voracek is hit by Drew Doughty and loses puck.
1:09 of 1st period - Off-side.
1:10 of 1st period - Evgeni Malkin wins face-off versus Carl Soderberg in neutral zone.
1:13 of 1st period - Torey Krug is hit by Ryan Callahan and loses puck.
1:24 of 1st period - Shot by Andrew Ladd.
1:24 of 1st period - Shot Misses the Net.
1:26 of 1st period - Shot by Loui Eriksson.
1:26 of 1st period - Shot Hit the Post.
2:19 of 1st period - David Krejci is hit by Riley Nash and loses puck.
2:32 of 1st period - Shot by Riley Nash.
2:32 of 1st period - Stopped by Niklas Svedberg without a rebound.
2:33 of 1st period - Ryan Spooner wins face-off versus Vincent Lecavalier in Bruins zone.
2:33 of 1st period - Ryan Spooner is hit by Ryan Carter.
2:45 of 1st period - Off-side.
2:46 of 1st period - Martin Hanzal wins face-off versus Patrice Bergeron in neutral zone.
2:48 of 1st period - Nick Leddy is hit by Zdeno Chara.
3:23 of 1st period - Vladimir Tarasenko is hit by Brad Marchand and loses puck.
3:40 of 1st period - Shot by David Krejci.
3:40 of 1st period - Shot Misses the Net.
3:42 of 1st period - Shot by Dennis Seidenberg.
3:42 of 1st period - Shot Blocked by Nick Leddy.
3:44 of 1st period - Shot by Jakub Voracek.
3:44 of 1st period - Stopped by Ryan Miller without a rebound.
3:45 of 1st period - Vincent Lecavalier wins face-off versus Ryan Spooner in MapleLeafs zone.
3:45 of 1st period - Vincent Lecavalier is hit by Chris Kelly.
3:56 of 1st period - Carl Hagelin is hit by Scott Mayfield and loses puck.
4:02 of 1st period - Ryan Spooner is hit by Scott Mayfield.
4:06 of 1st period - Shot by Ryan Spooner.
4:06 of 1st period - Stopped by Ryan Miller without a rebound.
4:07 of 1st period - David Krejci wins face-off versus Evgeni Malkin in MapleLeafs zone.
4:07 of 1st period - Minor Penalty to Alexander Urbom for High sticking.
4:08 of 1st period - Evgeni Malkin wins face-off versus David Krejci in MapleLeafs zone.
4:15 of 1st period - Shot by Evgeni Malkin.
4:15 of 1st period - Shot Misses the Net.
4:24 of 1st period - Jakub Voracek is hit by Drew Doughty and loses puck.
4:29 of 1st period - Shot by Jakub Voracek.
4:29 of 1st period - Shot Misses the Net.
4:31 of 1st period - Shot by David Krejci.
4:31 of 1st period - Stopped by Ryan Miller without a rebound.
4:32 of 1st period - Patrice Bergeron wins face-off versus Evgeni Malkin in MapleLeafs zone.
4:33 of 1st period - Shot by Dennis Seidenberg.
4:33 of 1st period - Stopped by Ryan Miller without a rebound.
4:34 of 1st period - Patrice Bergeron wins face-off versus Evgeni Malkin in MapleLeafs zone.
4:35 of 1st period - Shot by Braydon Coburn.
4:35 of 1st period - Shot Misses the Net.
6:25 of 1st period - Shot by Kris Versteeg.
6:25 of 1st period - Shot Misses the Net.
6:30 of 1st period - Zdeno Chara is hit by Vincent Lecavalier and loses puck.
6:52 of 1st period - Zdeno Chara is hit by Vincent Lecavalier and loses puck.
7:18 of 1st period - David Krejci is hit by Scott Mayfield and loses puck.
7:33 of 1st period - Shot by Jay Beagle.
7:33 of 1st period - Shot Misses the Net.
7:38 of 1st period - Icing by Jakub Voracek.
7:39 of 1st period - David Krejci wins face-off versus Evgeni Malkin in Bruins zone.
8:06 of 1st period - Minor Penalty to Drew Doughty for Roughing.
8:07 of 1st period - Evgeni Malkin wins face-off versus Patrice Bergeron in MapleLeafs zone.
8:20 of 1st period - Ryan Callahan is hit by Brad Marchand and loses puck.
8:25 of 1st period - Shot by Braydon Coburn.
8:25 of 1st period - Stopped by Ryan Miller with a rebound.
9:19 of 1st period - Shot by Zdeno Chara.
9:19 of 1st period - Shot Misses the Net.
9:21 of 1st period - Shot by Zdeno Chara.
9:21 of 1st period - Goal by Zdeno Chara - Bruins : 1 - MapleLeafs : 0.
9:22 of 1st period - Martin Hanzal wins face-off versus Ryan Spooner in neutral zone.
10:20 of 1st period - Icing by Braydon Coburn.
10:21 of 1st period - Patrice Bergeron wins face-off versus Evgeni Malkin in Bruins zone.
10:21 of 1st period - Patrice Bergeron is hit by Ryan Callahan.
10:45 of 1st period - Shot by Reilly Smith.
10:45 of 1st period - Shot Misses the Net.
10:50 of 1st period - Minor Penalty to Braydon Coburn for Cross-checking.
10:51 of 1st period - Patrice Bergeron wins face-off versus Martin Hanzal in Bruins zone.
11:45 of 1st period - Shot by Ryan Callahan.
11:45 of 1st period - Stopped by Niklas Svedberg without a rebound.
11:46 of 1st period - Evgeni Malkin wins face-off versus David Krejci in Bruins zone.
11:57 of 1st period - Zdeno Chara is hit by Ryan Callahan and loses puck.
12:05 of 1st period - Icing by Ryan Callahan.
12:06 of 1st period - Evgeni Malkin wins face-off versus Milan Lucic in MapleLeafs zone.
12:15 of 1st period - Jakub Voracek is hit by Ryan Callahan and loses puck.
12:53 of 1st period - Vladimir Tarasenko is hit by Zdeno Chara and loses puck.
12:59 of 1st period - Icing by Dougie Hamilton.
13:00 of 1st period - Martin Hanzal wins face-off versus Carl Soderberg in Bruins zone.
13:01 of 1st period - Shot by Scott Mayfield.
13:01 of 1st period - Stopped by Niklas Svedberg without a rebound.
13:02 of 1st period - Martin Hanzal wins face-off versus Carl Soderberg in Bruins zone.
14:08 of 1st period - Shot by Patrice Bergeron.
14:08 of 1st period - Goal by Patrice Bergeron - Bruins : 2 - MapleLeafs : 0.
14:09 of 1st period - Evgeni Malkin wins face-off versus David Krejci in neutral zone.
14:32 of 1st period - Shot by Jakub Voracek.
14:32 of 1st period - Deflect By Milan Lucic.
14:32 of 1st period - Stopped by Ryan Miller without a rebound.
14:33 of 1st period - Vincent Lecavalier wins face-off versus Patrice Bergeron in MapleLeafs zone.
16:06 of 1st period - Shot by Ryan Callahan.
16:06 of 1st period - Shot Misses the Net.
16:21 of 1st period - Nick Leddy is hit by Braydon Coburn and loses puck.
16:41 of 1st period - Carl Soderberg is hit by Drew Doughty and loses puck.
16:43 of 1st period - Minor Penalty to Drew Doughty for Interference.
16:44 of 1st period - Riley Nash wins face-off versus Patrice Bergeron in MapleLeafs zone.
16:44 of 1st period - Riley Nash is hit by Brad Marchand.
17:01 of 1st period - Icing by Zdeno Chara.
17:02 of 1st period - Patrice Bergeron wins face-off versus Evgeni Malkin in Bruins zone.
17:42 of 1st period - Martin Hanzal is hit by Milan Lucic and loses puck.
18:07 of 1st period - Shot by Braydon Coburn.
18:07 of 1st period - Shot Misses the Net.
18:09 of 1st period - Shot by Dennis Seidenberg.
18:09 of 1st period - Shot Misses the Net.
18:11 of 1st period - Shot by Milan Lucic.
18:11 of 1st period - Shot Misses the Net.
18:13 of 1st period - Shot by Dennis Seidenberg.
18:13 of 1st period - Shot Blocked by Chuck Kobasew.
18:15 of 1st period - Shot by David Krejci.
18:15 of 1st period - Shot Blocked by Aaron Ness.
18:17 of 1st period - Shot by Milan Lucic.
18:17 of 1st period - Shot Misses the Net.
18:19 of 1st period - Shot by Dennis Seidenberg.
18:19 of 1st period - Shot Misses the Net.
18:36 of 1st period - Icing by Zdeno Chara.
18:37 of 1st period - Patrice Bergeron wins face-off versus Martin Hanzal in Bruins zone.
19:54 of 1st period - Minor Penalty to Derek Dorsett for High sticking.
19:55 of 1st period - David Krejci wins face-off versus Evgeni Malkin in MapleLeafs zone.
Goals for this period are 2 for Bruins vs 0 for MapleLeafs.
Shots for this period are 9 for Bruins vs 3 for MapleLeafs.

2nd period


0:01 of 2nd period - Evgeni Malkin wins face-off versus David Krejci in neutral zone.
0:03 of 2nd period - Patrick Marleau is hit by Johnny Boychuk and loses puck.
0:10 of 2nd period - Shot by Zdeno Chara.
0:10 of 2nd period - Shot Hit the Post.
0:12 of 2nd period - Shot by Zdeno Chara.
0:12 of 2nd period - Stopped by Ryan Miller without a rebound.
0:13 of 2nd period - Evgeni Malkin wins face-off versus Patrice Bergeron in MapleLeafs zone.
0:29 of 2nd period - Carl Soderberg is hit by Drew Doughty and loses puck.
0:34 of 2nd period - Shot by Brad Marchand.
0:34 of 2nd period - Shot Misses the Net.
0:36 of 2nd period - Shot by Zdeno Chara.
0:36 of 2nd period - Shot Misses the Net.
0:38 of 2nd period - Shot by Zdeno Chara.
0:38 of 2nd period - Stopped by Ryan Miller without a rebound.
0:39 of 2nd period - David Krejci wins face-off versus Martin Hanzal in MapleLeafs zone.
0:39 of 2nd period - David Krejci is hit by Scott Mayfield.
0:45 of 2nd period - Shot by Milan Lucic.
0:45 of 2nd period - Stopped by Ryan Miller without a rebound.
0:46 of 2nd period - David Krejci wins face-off versus Evgeni Malkin in MapleLeafs zone.
1:31 of 2nd period - Shot by David Krejci.
1:31 of 2nd period - Shot Misses the Net.
2:09 of 2nd period - Shot by Carl Hagelin.
2:09 of 2nd period - Shot Misses the Net.
2:44 of 2nd period - Brian Lashoff is hit by Brad Marchand and loses puck.
3:05 of 2nd period - Shot by Brad Marchand.
3:05 of 2nd period - Shot Misses the Net.
3:07 of 2nd period - Shot by Patrice Bergeron.
3:07 of 2nd period - Stopped by Ryan Miller without a rebound.
3:08 of 2nd period - David Krejci wins face-off versus Evgeni Malkin in MapleLeafs zone.
3:27 of 2nd period - Patrick Marleau is hit by Milan Lucic and loses puck.
4:19 of 2nd period - Brad Marchand is hit by Derek Dorsett and loses puck.
4:43 of 2nd period - Icing by Derek Dorsett.
4:44 of 2nd period - Carl Soderberg wins face-off versus Martin Hanzal in MapleLeafs zone.
5:19 of 2nd period - Shot by Drew Doughty.
5:19 of 2nd period - Stopped by Niklas Svedberg without a rebound.
5:20 of 2nd period - Evgeni Malkin wins face-off versus Reilly Smith in Bruins zone.
5:20 of 2nd period - Ryan Callahan is hit by Zdeno Chara and loses puck.
5:27 of 2nd period - Shot by Patrick Marleau.
5:27 of 2nd period - Shot Misses the Net.
5:34 of 2nd period - Shot by Patrick Marleau.
5:34 of 2nd period - Deflect By Ryan Callahan.
5:34 of 2nd period - Stopped by Niklas Svedberg with a rebound.
5:36 of 2nd period - Shot by Evgeni Malkin.
5:36 of 2nd period - Deflect By Ryan Callahan.
5:36 of 2nd period - Shot Misses the Net.
5:40 of 2nd period - Shot by Patrick Marleau.
5:40 of 2nd period - Stopped by Niklas Svedberg without a rebound.
5:41 of 2nd period - Riley Nash wins face-off versus David Krejci in Bruins zone.
6:16 of 2nd period - Shot by David Krejci.
6:16 of 2nd period - Stopped by Ryan Miller without a rebound.
6:17 of 2nd period - Evgeni Malkin wins face-off versus Reilly Smith in MapleLeafs zone.
7:02 of 2nd period - Shot by Patrice Bergeron.
7:02 of 2nd period - Stopped by Ryan Miller without a rebound.
7:03 of 2nd period - David Krejci wins face-off versus Martin Hanzal in MapleLeafs zone.
7:40 of 2nd period - Martin Hanzal is hit by Johnny Boychuk and loses puck.
7:44 of 2nd period - Vladimir Tarasenko is hit by Dennis Seidenberg.
8:05 of 2nd period - Jay Beagle is hit by Johnny Boychuk and loses puck.
8:06 of 2nd period - Minor Penalty to Dennis Seidenberg for High sticking.
8:07 of 2nd period - Chris Kelly wins face-off versus Evgeni Malkin in Bruins zone.
8:49 of 2nd period - Shot by Patrick Marleau.
8:49 of 2nd period - Stopped by Niklas Svedberg with a rebound.
9:31 of 2nd period - Shot by Drew Doughty.
9:31 of 2nd period - Shot Blocked by Braydon Coburn.
9:59 of 2nd period - Shot by Evgeni Malkin.
9:59 of 2nd period - Shot Misses the Net.
10:01 of 2nd period - Shot by Ryan Callahan.
10:01 of 2nd period - Shot Misses the Net.
10:03 of 2nd period - Shot by Evgeni Malkin.
10:03 of 2nd period - Stopped by Niklas Svedberg without a rebound.
10:04 of 2nd period - David Krejci wins face-off versus Martin Hanzal in Bruins zone.
10:12 of 2nd period - Aaron Ness is hit by Zdeno Chara and loses puck.
10:34 of 2nd period - Shot by Andrew Ladd.
10:34 of 2nd period - Shot Blocked by Chuck Kobasew.
10:36 of 2nd period - Shot by Zdeno Chara.
10:36 of 2nd period - Shot Blocked by Aaron Ness.
10:44 of 2nd period - Shot by Andrew Ladd.
10:44 of 2nd period - Shot Misses the Net.
10:54 of 2nd period - Dougie Hamilton is hit by Jay Beagle and loses puck.
11:17 of 2nd period - Shot by Jakub Voracek.
11:17 of 2nd period - Deflect By Milan Lucic.
11:17 of 2nd period - Shot Blocked by Nick Leddy.
11:20 of 2nd period - Icing by Drew Doughty.
11:21 of 2nd period - Martin Hanzal wins face-off versus Patrice Bergeron in MapleLeafs zone.
11:48 of 2nd period - Shot by Drew Doughty.
11:48 of 2nd period - Goal by Drew Doughty - Bruins : 2 - MapleLeafs : 1.
11:49 of 2nd period - Evgeni Malkin wins face-off versus David Krejci in neutral zone.
12:18 of 2nd period - Shot by Milan Lucic.
12:18 of 2nd period - Stopped by Ryan Miller without a rebound.
12:19 of 2nd period - Martin Hanzal wins face-off versus Reilly Smith in MapleLeafs zone.
12:34 of 2nd period - Shot by Martin Hanzal.
12:34 of 2nd period - Stopped by Niklas Svedberg without a rebound.
12:35 of 2nd period - Evgeni Malkin wins face-off versus Carl Soderberg in Bruins zone.
12:38 of 2nd period - Shot by Patrick Marleau.
12:38 of 2nd period - Goal by Patrick Marleau - Bruins : 2 - MapleLeafs : 2.
12:39 of 2nd period - Evgeni Malkin wins face-off versus Patrice Bergeron in neutral zone.
12:54 of 2nd period - Icing by Alexander Urbom.
12:55 of 2nd period - David Krejci wins face-off versus Evgeni Malkin in MapleLeafs zone.
12:59 of 2nd period - Minor Penalty to Milan Lucic for Tripping.
13:00 of 2nd period - David Krejci wins face-off versus Evgeni Malkin in Bruins zone.
13:26 of 2nd period - Shot by Drew Doughty.
13:26 of 2nd period - Shot Blocked by Braydon Coburn.
13:32 of 2nd period - Shot by Ryan Callahan.
13:32 of 2nd period - Stopped by Niklas Svedberg without a rebound.
13:33 of 2nd period - David Krejci wins face-off versus Martin Hanzal in Bruins zone.
13:47 of 2nd period - Icing by Brian Lashoff.
13:48 of 2nd period - David Krejci wins face-off versus Martin Hanzal in MapleLeafs zone.
13:59 of 2nd period - Shot by Patrice Bergeron.
13:59 of 2nd period - Shot Misses the Net.
14:17 of 2nd period - Chris Kelly is hit by Martin Hanzal and loses puck.
15:08 of 2nd period - Shot by Riley Nash.
15:08 of 2nd period - Stopped by Niklas Svedberg with a rebound.
15:10 of 2nd period - Shot by Scott Mayfield.
15:10 of 2nd period - Stopped by Niklas Svedberg without a rebound.
15:11 of 2nd period - Riley Nash wins face-off versus Carl Hagelin in Bruins zone.
15:21 of 2nd period - Carl Hagelin is hit by Alexander Urbom and loses puck.
15:28 of 2nd period - Shot by Ryan Spooner.
15:28 of 2nd period - Shot Misses the Net.
15:30 of 2nd period - Shot by Chris Kelly.
15:30 of 2nd period - Shot Misses the Net.
15:32 of 2nd period - Shot by Zdeno Chara.
15:32 of 2nd period - Stopped by Ryan Miller with a rebound.
15:34 of 2nd period - Shot by Chris Kelly.
15:34 of 2nd period - Stopped by Ryan Miller without a rebound.
15:35 of 2nd period - Carl Soderberg wins face-off versus Evgeni Malkin in MapleLeafs zone.
15:40 of 2nd period - Shot by Andrew Ladd.
15:40 of 2nd period - Shot Misses the Net.
15:44 of 2nd period - Shot by Carl Soderberg.
15:44 of 2nd period - Shot Hit the Post.
15:46 of 2nd period - Shot by Johnny Boychuk.
15:46 of 2nd period - Stopped by Ryan Miller without a rebound.
15:47 of 2nd period - Martin Hanzal wins face-off versus Patrice Bergeron in MapleLeafs zone.
15:57 of 2nd period - Icing by Dougie Hamilton.
15:58 of 2nd period - Patrice Bergeron wins face-off versus Evgeni Malkin in Bruins zone.
15:58 of 2nd period - Brad Marchand is hit by Ryan Callahan and loses puck.
16:02 of 2nd period - Dougie Hamilton is hit by Evgeni Malkin and loses puck.
16:16 of 2nd period - Off-side.
16:17 of 2nd period - David Krejci wins face-off versus Martin Hanzal in neutral zone.
16:33 of 2nd period - Minor Penalty to Drew Doughty for Holding.
16:34 of 2nd period - Patrice Bergeron wins face-off versus Evgeni Malkin in MapleLeafs zone.
16:49 of 2nd period - Shot by Carl Soderberg.
16:49 of 2nd period - Stopped by Ryan Miller with a rebound.
16:51 of 2nd period - Shot by Zdeno Chara.
16:51 of 2nd period - Stopped by Ryan Miller without a rebound.
16:52 of 2nd period - Evgeni Malkin wins face-off versus David Krejci in MapleLeafs zone.
17:03 of 2nd period - Alexander Urbom is hit by Milan Lucic and loses puck.
17:18 of 2nd period - Shot by Martin Hanzal.
17:18 of 2nd period - Shot Misses the Net.
17:20 of 2nd period - Shot by Martin Hanzal.
17:20 of 2nd period - Shot Misses the Net.
17:22 of 2nd period - Shot by Martin Hanzal.
17:22 of 2nd period - Stopped by Niklas Svedberg without a rebound.
17:23 of 2nd period - Patrice Bergeron wins face-off versus Evgeni Malkin in Bruins zone.
17:42 of 2nd period - Johnny Boychuk is hit by Evgeni Malkin and loses puck.
17:48 of 2nd period - Evgeni Malkin is hit by Johnny Boychuk and loses puck.
18:01 of 2nd period - Shot by Evgeni Malkin.
18:01 of 2nd period - Stopped by Niklas Svedberg without a rebound.
18:02 of 2nd period - Martin Hanzal wins face-off versus David Krejci in Bruins zone.
18:28 of 2nd period - Shot by David Krejci.
18:28 of 2nd period - Stopped by Ryan Miller with a rebound.
18:30 of 2nd period - Shot by Dennis Seidenberg.
18:30 of 2nd period - Stopped by Ryan Miller without a rebound.
18:31 of 2nd period - Patrice Bergeron wins face-off versus Evgeni Malkin in MapleLeafs zone.
19:22 of 2nd period - Icing by Drew Doughty.
19:23 of 2nd period - Patrice Bergeron wins face-off versus Vincent Lecavalier in MapleLeafs zone.
Goals for this period are 0 for Bruins vs 2 for MapleLeafs.
Shots for this period are 14 for Bruins vs 13 for MapleLeafs.

3rd period


0:01 of 3rd period - Evgeni Malkin wins face-off versus Patrice Bergeron in neutral zone.
0:06 of 3rd period - Shot by Patrick Marleau.
0:06 of 3rd period - Shot Blocked by Zdeno Chara.
0:30 of 3rd period - Dougie Hamilton is hit by Ryan Callahan and loses puck.
0:36 of 3rd period - Minor Penalty to Drew Doughty for High sticking.
0:37 of 3rd period - Evgeni Malkin wins face-off versus David Krejci in MapleLeafs zone.
0:50 of 3rd period - Shot by Milan Lucic.
0:50 of 3rd period - Stopped by Ryan Miller without a rebound.
0:51 of 3rd period - Evgeni Malkin wins face-off versus David Krejci in MapleLeafs zone.
1:22 of 3rd period - Shot by Zdeno Chara.
1:22 of 3rd period - Stopped by Ryan Miller without a rebound.
1:23 of 3rd period - Patrice Bergeron wins face-off versus Martin Hanzal in MapleLeafs zone.
1:24 of 3rd period - Shot by Braydon Coburn.
1:24 of 3rd period - Shot Misses the Net.
1:26 of 3rd period - Shot by Dennis Seidenberg.
1:26 of 3rd period - Shot Misses the Net.
1:28 of 3rd period - Shot by Braydon Coburn.
1:28 of 3rd period - Deflect By Brad Marchand.
1:28 of 3rd period - Shot Misses the Net.
1:30 of 3rd period - Shot by Dennis Seidenberg.
1:30 of 3rd period - Shot Misses the Net.
1:32 of 3rd period - Shot by Patrice Bergeron.
1:32 of 3rd period - Shot Misses the Net.
1:34 of 3rd period - Shot by Dennis Seidenberg.
1:34 of 3rd period - Shot Misses the Net.
1:36 of 3rd period - Shot by Braydon Coburn.
1:36 of 3rd period - Stopped by Ryan Miller with a rebound.
2:31 of 3rd period - Shot by David Krejci.
2:31 of 3rd period - Stopped by Ryan Miller with a rebound.
2:33 of 3rd period - Shot by Jakub Voracek.
2:33 of 3rd period - Stopped by Ryan Miller with a rebound.
2:35 of 3rd period - Shot by Zdeno Chara.
2:35 of 3rd period - Stopped by Ryan Miller without a rebound.
2:36 of 3rd period - Chris Kelly wins face-off versus Vincent Lecavalier in MapleLeafs zone.
2:57 of 3rd period - Shot by Zdeno Chara.
2:57 of 3rd period - Shot Blocked by Kris Versteeg.
2:59 of 3rd period - Shot by Chris Kelly.
2:59 of 3rd period - Stopped by Ryan Miller without a rebound.
3:00 of 3rd period - David Krejci wins face-off versus Riley Nash in MapleLeafs zone.
3:11 of 3rd period - Shot by Chuck Kobasew.
3:11 of 3rd period - Stopped by Niklas Svedberg without a rebound.
3:12 of 3rd period - Evgeni Malkin wins face-off versus Patrice Bergeron in Bruins zone.
3:15 of 3rd period - Shot by Ryan Callahan.
3:15 of 3rd period - Shot Misses the Net.
3:45 of 3rd period - Shot by Patrice Bergeron.
3:45 of 3rd period - Deflect By Brad Marchand.
3:45 of 3rd period - Shot Misses the Net.
3:47 of 3rd period - Shot by Dennis Seidenberg.
3:47 of 3rd period - Stopped by Ryan Miller with a rebound.
3:49 of 3rd period - Shot by Johnny Boychuk.
3:49 of 3rd period - Stopped by Ryan Miller without a rebound.
3:50 of 3rd period - David Krejci wins face-off versus Martin Hanzal in MapleLeafs zone.
4:05 of 3rd period - Shot by Jakub Voracek.
4:05 of 3rd period - Stopped by Ryan Miller without a rebound.
4:06 of 3rd period - Vincent Lecavalier wins face-off versus Carl Soderberg in MapleLeafs zone.
4:12 of 3rd period - Off-side.
4:13 of 3rd period - Patrice Bergeron wins face-off versus Evgeni Malkin in neutral zone.
4:20 of 3rd period - Shot by Brad Marchand.
4:20 of 3rd period - Stopped by Ryan Miller without a rebound.
4:21 of 3rd period - Evgeni Malkin wins face-off versus Brad Marchand in MapleLeafs zone.
4:53 of 3rd period - Shot by Evgeni Malkin.
4:53 of 3rd period - Deflect By Ryan Callahan.
4:53 of 3rd period - Stopped by Niklas Svedberg without a rebound.
4:54 of 3rd period - Jakub Voracek wins face-off versus Martin Hanzal in Bruins zone.
5:14 of 3rd period - Shot by Jakub Voracek.
5:14 of 3rd period - Stopped by Ryan Miller without a rebound.
5:15 of 3rd period - Loui Eriksson wins face-off versus Vincent Lecavalier in MapleLeafs zone.
5:16 of 3rd period - Shot by Andrew Ladd.
5:16 of 3rd period - Deflect By Carl Soderberg.
5:16 of 3rd period - Shot Misses the Net.
5:18 of 3rd period - Shot by Braydon Coburn.
5:18 of 3rd period - Shot Blocked by Kris Versteeg.
5:25 of 3rd period - Loui Eriksson is hit by Alexander Urbom and loses puck.
5:31 of 3rd period - Carl Soderberg is hit by Alexander Urbom and loses puck.
5:46 of 3rd period - Shot by Loui Eriksson.
5:46 of 3rd period - Stopped by Ryan Miller without a rebound.
5:47 of 3rd period - Evgeni Malkin wins face-off versus Patrice Bergeron in MapleLeafs zone.
5:58 of 3rd period - Icing by Drew Doughty.
5:59 of 3rd period - David Krejci wins face-off versus Evgeni Malkin in MapleLeafs zone.
6:00 of 3rd period - Shot by Jakub Voracek.
6:00 of 3rd period - Stopped by Ryan Miller without a rebound.
6:01 of 3rd period - Evgeni Malkin wins face-off versus Patrice Bergeron in MapleLeafs zone.
6:05 of 3rd period - Off-side.
6:06 of 3rd period - Patrice Bergeron wins face-off versus Evgeni Malkin in neutral zone.
6:11 of 3rd period - Nick Leddy is hit by Brad Marchand and loses puck.
6:25 of 3rd period - Minor Penalty to Zdeno Chara for Holding.
6:26 of 3rd period - David Krejci wins face-off versus Vladimir Tarasenko in Bruins zone.
6:43 of 3rd period - Shot by Vladimir Tarasenko.
6:43 of 3rd period - Deflect By Martin Hanzal.
6:43 of 3rd period - Shot Blocked by Braydon Coburn.
6:56 of 3rd period - Icing by Brian Lashoff.
6:57 of 3rd period - Martin Hanzal wins face-off versus David Krejci in MapleLeafs zone.
7:08 of 3rd period - Shot by Vladimir Tarasenko.
7:08 of 3rd period - Shot Blocked by Johnny Boychuk.
7:48 of 3rd period - Shot by Patrick Marleau.
7:48 of 3rd period - Shot Blocked by Torey Krug.
7:50 of 3rd period - Shot by Drew Doughty.
7:50 of 3rd period - Shot Blocked by Torey Krug.
7:52 of 3rd period - Shot by Ryan Callahan.
7:52 of 3rd period - Shot Misses the Net.
7:54 of 3rd period - Shot by Drew Doughty.
7:54 of 3rd period - Stopped by Niklas Svedberg with a rebound.
7:56 of 3rd period - Shot by Evgeni Malkin.
7:56 of 3rd period - Shot Blocked by Torey Krug.
7:58 of 3rd period - Shot by Drew Doughty.
7:58 of 3rd period - Stopped by Niklas Svedberg without a rebound.
7:59 of 3rd period - Evgeni Malkin wins face-off versus David Krejci in Bruins zone.
8:08 of 3rd period - Shot by Patrick Marleau.
8:08 of 3rd period - Stopped by Niklas Svedberg without a rebound.
8:09 of 3rd period - David Krejci wins face-off versus Evgeni Malkin in Bruins zone.
8:15 of 3rd period - Icing by Drew Doughty.
8:16 of 3rd period - Evgeni Malkin wins face-off versus David Krejci in MapleLeafs zone.
8:41 of 3rd period - Shot by Andrew Ladd.
8:41 of 3rd period - Shot Blocked by Scott Mayfield.
8:43 of 3rd period - Shot by Zdeno Chara.
8:43 of 3rd period - Stopped by Ryan Miller without a rebound.
8:44 of 3rd period - Vincent Lecavalier wins face-off versus David Krejci in MapleLeafs zone.
10:10 of 3rd period - Shot by Reilly Smith.
10:10 of 3rd period - Stopped by Ryan Miller without a rebound.
10:11 of 3rd period - Martin Hanzal wins face-off versus Carl Soderberg in MapleLeafs zone.
10:51 of 3rd period - Icing by Braydon Coburn.
10:52 of 3rd period - Loui Eriksson wins face-off versus Evgeni Malkin in Bruins zone.
11:11 of 3rd period - Andrew Ladd is hit by Drew Doughty and loses puck.
11:23 of 3rd period - Brad Marchand is hit by Drew Doughty and loses puck.
11:27 of 3rd period - Patrice Bergeron is hit by Drew Doughty and loses puck.
11:36 of 3rd period - Evgeni Malkin is hit by Reilly Smith.
11:48 of 3rd period - Patrice Bergeron is hit by Drew Doughty and loses puck.
13:27 of 3rd period - Icing by Scott Mayfield.
13:28 of 3rd period - Martin Hanzal wins face-off versus Carl Soderberg in MapleLeafs zone.
13:39 of 3rd period - Andrew Ladd is hit by Derek Dorsett and loses puck.
14:49 of 3rd period - Brian Lashoff is hit by Chris Kelly.
14:54 of 3rd period - Carl Hagelin is hit by Alexander Urbom and loses puck.
15:13 of 3rd period - Shot by Johnny Boychuk.
15:13 of 3rd period - Shot Misses the Net.
15:15 of 3rd period - Shot by Jakub Voracek.
15:15 of 3rd period - Stopped by Ryan Miller with a rebound.
15:22 of 3rd period - Icing by Nick Leddy.
15:23 of 3rd period - Patrice Bergeron wins face-off versus Evgeni Malkin in MapleLeafs zone.
15:50 of 3rd period - Icing by Drew Doughty.
15:51 of 3rd period - Evgeni Malkin wins face-off versus David Krejci in MapleLeafs zone.
16:50 of 3rd period - Shot by Riley Nash.
16:50 of 3rd period - Shot Misses the Net.
16:52 of 3rd period - Shot by Jay Beagle.
16:52 of 3rd period - Deflect By Riley Nash.
16:52 of 3rd period - Stopped by Niklas Svedberg without a rebound.
16:53 of 3rd period - Derek Dorsett wins face-off versus Patrice Bergeron in Bruins zone.
17:04 of 3rd period - Scott Mayfield is hit by Zdeno Chara and loses puck.
17:26 of 3rd period - Shot by Patrice Bergeron.
17:26 of 3rd period - Stopped by Ryan Miller without a rebound.
17:27 of 3rd period - Evgeni Malkin wins face-off versus Carl Soderberg in MapleLeafs zone.
17:45 of 3rd period - Shot by Loui Eriksson.
17:45 of 3rd period - Shot Misses the Net.
18:18 of 3rd period - Icing by Braydon Coburn.
18:19 of 3rd period - Carl Soderberg wins face-off versus Martin Hanzal in Bruins zone.
18:26 of 3rd period - Shot by Aaron Ness.
18:26 of 3rd period - Shot Misses the Net.
18:28 of 3rd period - Shot by Scott Mayfield.
18:28 of 3rd period - Goal by Scott Mayfield - Bruins : 2 - MapleLeafs : 3.
18:29 of 3rd period - Patrice Bergeron wins face-off versus Vincent Lecavalier in neutral zone.
18:48 of 3rd period - Shot by Ryan Carter.
18:48 of 3rd period - Shot Blocked by Dougie Hamilton.
18:56 of 3rd period - Shot by Ryan Carter.
18:56 of 3rd period - Stopped by Niklas Svedberg without a rebound.
18:57 of 3rd period - David Krejci wins face-off versus Vladimir Tarasenko in Bruins zone.
19:02 of 3rd period - Bruins, Niklas Svedberg is pulled from the net.
19:22 of 3rd period - Shot by Milan Lucic.
19:22 of 3rd period - Stopped by Ryan Miller without a rebound.
19:23 of 3rd period - David Krejci wins face-off versus Ryan Callahan in MapleLeafs zone.
19:24 of 3rd period - Shot by Zdeno Chara.
19:24 of 3rd period - Shot Blocked by Drew Doughty.
19:36 of 3rd period - Shot by Patrick Marleau.
19:36 of 3rd period - Goal by Patrick Marleau - Bruins : 2 - MapleLeafs : 4.
19:36 of 3rd period - Niklas Svedberg from Bruins was sent back in the game.
19:37 of 3rd period - Riley Nash wins face-off versus Brad Marchand in neutral zone.
19:47 of 3rd period - Riley Nash is hit by Dougie Hamilton and loses puck.
Goals for this period are 0 for Bruins vs 2 for MapleLeafs.
Shots for this period are 19 for Bruins vs 9 for MapleLeafs.


Output by the SimonT Hockey Simulator (STHS) for Stephane Roy -- Original Page W3C XHTML 1.0 Valid
Hockey Simulator - Hockey Simulation - Hockey Manager